 Dungeon Crawl Stone Soup version 0.32-a0-472-gc2b5402 (webtiles) character file.

Game seed: 13503673274253139023

1397 Remcycle the Cleaver (level 8, -3/63 HPs)
             Began as a Green Draconian Monk on Feb 25, 2024.
             Slain by a gnoll bouda
             ... wielding a +0 club
              (6 damage)
             ... on level 5 of the Dungeon.
             The game lasted 00:09:32 (3854 turns).

Remcycle the Cleaver (Green Draconian Monk)         Turns: 3854, Time: 00:09:33

Health: -3/63      AC:  8    Str: 15    XL:     8   Next: 41%
Magic:  8/8        EV: 12    Int: 11    God:
Gold:   262        SH:  5    Dex: 14    Spells: 7/7 levels left

rFire   . . .        j - +1 war axe (flame)
rCold   . . .        c - orb {light}
rNeg    . . .        (body armour unavailable)
rPois   +            (helmet restricted)
rElec   .            (no cloak)
rCorr   .            (no gloves)
SInv    .            f - +1 pair of boots
Will    .....        m - amulet of reflection
Stlth   +            (no ring)
HPRegen 0.30/turn    (no ring)
MPRegen 0.11/turn

%: reflection
@: weakened, glowing
A: breathe noxious fumes, AC +6, unfitting armour, poison resistance,
cold-blooded
a: Breathe Noxious Fumes


You were on level 5 of the Dungeon.
You visited 1 branch of the dungeon, and saw 5 of its levels.

You collected 262 gold pieces.

Inventory:

Hand Weapons
 j - a +1 war axe of flaming (weapon)
Missiles
 p - a throwing net (quivered)
Armour
 c - an orb of light (worn)
 f - a +1 pair of boots (worn)
Jewellery
 m - an amulet of reflection (around neck)
Scrolls
 a - 2 scrolls of enchant weapon
 b - a scroll of noise {unknown}
 d - a scroll of fog
 h - a scroll of revelation
 n - a scroll of teleportation
Potions
 g - 2 potions of resistance
 i - a potion of lignification
 l - 2 potions of curing {unknown}
 o - a potion of brilliance {unknown}


   Skills:
 - Level 3.2 Fighting
 + Level 10.8 Axes
 - Level 2.6 Dodging


You had 7 spell levels left.
You didn't know any spells.
Your spell library contained the following spells:

 Spells                   Type           Power      Damage    Failure   Level
 Summon Small Mammal      Summ           0%         N/A       34%         1
 Call Imp                 Summ           0%         N/A       47%         2
 Mercury Vapours          Alch/Air       0%         N/A       47%         2
 Call Canine Familiar     Summ           0%         N/A       71%         3
 Dazzling Flash           Conj/Hex       0%         N/A       71%         3
 Hailstorm                Conj/Ice       0%         3d5       71%         3
 Mephitic Cloud           Conj/Alch/Air  0%         N/A       71%         3
 Summon Ice Beast         Ice/Summ       0%         N/A       71%         3
 Tukima's Dance           Hex            0%         N/A       71%         3
 Volatile Blastmotes      Fire/Tloc      0%         2d10      71%         3
 Summon Blazeheart Golem  Fire/Summ      0%         N/A       98%         4
 Freezing Cloud           Conj/Ice/Air   0%         6-21      100%        5
 Sculpt Simulacrum        Ice/Alch       0%         N/A       100%        6
 Starburst                Conj/Fire      0%         6d3       100%        6
 Enfeeble                 Hex            0%         N/A       100%        7
 Maxwell's Capacitive Co  Air            0%         ∞         100%        8


Dungeon Overview and Level Annotations

Branches:
Dungeon (5/15)
 Temple: D:4-7

Altars:
Cheibriados
Makhleb


Innate Abilities, Weirdness & Mutations

You can breathe blasts of noxious fumes.
Your lurid green scales are hard. (AC +6)
You cannot fit into any form of body armour.
Your system is resistant to poisons. (rPois)
You are cold-blooded and may be slowed by cold attacks.


Message History

The gnoll is heavily wounded.
You slash the gnoll bouda! You burn the gnoll bouda. You hit the gnoll.
You burn the gnoll. The gnoll misses you. The gnoll hits you with a +0 spear.
* * * LOW HITPOINT WARNING * * *
The gnoll bouda hits you with a +0 club.
* * * LOW HITPOINT WARNING * * *
You hit the gnoll. You burn the gnoll.
The gnoll is almost dead.
You barely miss the gnoll bouda. You hit the gnoll. You burn the gnoll.
The gnoll completely misses you. The gnoll hits you but does no damage.
The gnoll bouda hits you with a +0 club!
* * * LOW HITPOINT WARNING * * *
You hit the gnoll. You burn the gnoll.
You kill the gnoll!
You hit the gnoll bouda. You burn the gnoll bouda. You hit the gnoll.
You burn the gnoll. The gnoll hits you but does no damage.
The gnoll bouda closely misses you.
You hit the gnoll but do no damage.
The gnoll is almost dead.
You barely miss the gnoll bouda. The gnoll hits you with a +0 spear.
* * * LOW HITPOINT WARNING * * *
The gnoll bouda completely misses you.
You hit the gnoll. You burn the gnoll.
You kill the gnoll!
You hit the gnoll bouda but do no damage.
The gnoll bouda hits you but does no damage.
You hit the gnoll bouda. You burn the gnoll bouda.
The gnoll bouda is severely wounded.
Your attacks no longer feel as feeble.
The gnoll bouda gazes fiercely through you!
You feel your attacks grow feeble.
The gnoll bouda hits you but does no damage.
You barely miss the gnoll bouda.
The gnoll bouda is severely wounded.
You barely miss the gnoll bouda.
The gnoll bouda is severely wounded.
The gnoll bouda gazes fiercely through you!
You feel as though you will be weak longer.
The gnoll bouda hits you with a +0 club.
You die...

...###.................#
....#.....####..##.#...#
............##..........
...........†............
........................
...................##...
...................# ...
......).##...........
####..#@).......##.#..
##.))g........#.##.
##..............
#.............
#.....#......
##....#..#.. #......##
#......# .......#


You could see a gnoll bouda.

Vanquished Creatures
  Pikel (D:4)
  Sigmund (D:2)
  A black bear (D:4)
  A phantom (D:5)
  A lemure (D:4)
  3 bombardier beetles
  2 orc priests (D:3)
  2 hounds (D:5)
  3 iguanas
  2 orc wizards
  A sleepcap (D:5)
  Robin (D:4)
  8 gnolls
  6 adders
  A shadow imp (D:5)
  A dart slug (D:3)
  A ribbon worm (D:3)
  14 orcs
  4 ball pythons
  2 bats
  5 endoplasms
  2 giant cockroaches (D:1)
  3 hobgoblins
  16 jackals
  4 quokkas
  4 frilled lizards
  11 goblins
  9 kobolds
  7 rats
117 creatures vanquished.

Vanquished Creatures (others)
  A kobold (D:4)
1 creature vanquished.

Grand Total: 118 creatures vanquished

Notes
Turn   | Place    | Note
-------+----------+-------------------------------------------
     0 | D:1      | Remcycle the Draconian Monk began the quest for the Orb.
     0 | D:1      | Reached XP level 1. HP: 19/19 MP: 1/1
   280 | D:1      | Reached XP level 2. HP: 26/26 MP: 2/2
   680 | D:1      | Reached skill level 4 in Axes
   689 | D:1      | Found a faded altar of an unknown god.
   983 | D:2      | Reached XP level 3. HP: 31/31 MP: 3/3
  1068 | D:2      | Noticed Sigmund
  1109 | D:2      | Killed Sigmund
  1110 | D:2      | Reached skill level 6 in Axes
  1110 | D:2      | Reached XP level 4. HP: 20/38 MP: 4/4
  1110 | D:2      | Reached XP level 5. HP: 24/45 MP: 5/5
  1270 | D:2      | Got the Spellbook of Assembled Doom
  1934 | D:3      | Reached XP level 6. HP: 40/51 MP: 6/6
  2009 | D:3      | Found a snail-covered altar of Cheibriados.
  2018 | D:3      | Reached skill level 7 in Axes
  2322 | D:4      | Noticed Robin
  2337 | D:4      | Killed Robin
  2527 | D:4      | Reached skill level 8 in Axes
  2527 | D:4      | Your scales start taking on a lurid green colour.
  2527 | D:4      | Reached XP level 7. HP: 44/57 MP: 7/7
  2527 | D:4      | Gained mutation: Your system is resistant to poisons.
                  | (rPois) [Green Draconian growth]
  2696 | D:4      | Noticed Pikel
  2721 | D:4      | Killed Pikel
  2722 | D:4      | Reached skill level 9 in Axes
  2722 | D:4      | Reached XP level 8. HP: 11/63 MP: 8/8
  2980 | D:4      | Found a burning altar of Makhleb.
  3234 | D:4      | Reached skill level 10 in Axes
  3453 | D:5      | Entered Level 5 of the Dungeon
  3850 | D:5      | HP: 2/63 [gnoll/+0 spear[a gnoll bouda] (3)]
  3854 | D:5      | Slain by a gnoll bouda

Illustrated notes

Levels and vault maps discovered:
D:1:      dpeg_arrival_houses_and_road, layout_basic, basic_ecumenical_altar
D:2:      layout_basic, kennysheep_generic_room_7, uniq_sigmund
D:3:      layout_rooms, slow_altar_1, amcnicky_mini_rare_corridor_liquid
D:4:      layout_loops_ring, mainiacjoe_overflow_paths, uniq_robin, uniq_pikel
D:5:      layout_cave_pools

Skill      XL: |  1  2  3  4  5  6  7  8 |
---------------+-------------------------+-----
Axes           | 4 6 8 9 10 | 10.8
Fighting       | |  3.2
Dodging        | |  2.6

Action                     |  1- 3 |  4- 6 |  7- 9 || total
---------------------------+-------+-------+-------++-------
  Melee: Hand axe          |     8 |       |       ||     8
         War axe           |    60 |    94 |   105 ||   259
         Tailslap          |     7 |    12 |    20 ||    39
    Use: Potion            |     1 |       |     1 ||     2
         Scroll            |       |     8 |     1 ||     9
 Armour: Skin              |    41 |    76 |    70 ||   187
  Dodge: Dodged            |    45 |    53 |    48 ||   146

Table legend: (Time is in decaauts)
 A = Elapsed time spent in this place.
 B = Non-inter-level travel time spent in this place.
 C = Inter-level travel time spent in this place.
 D = Time resting spent in this place.
 E = Time spent auto-exploring this place.
 F = Levels seen in this place.
 G = Mean time per level.
                   A        B        C        D        E       F      G
               +--------+--------+--------+--------+--------+-----+--------+
         Total |   3890 |   3704 |    186 |    331 |   2725 |   5 |  778.0 |
       Dungeon |   3890 |   3704 |    186 |    331 |   2725 |   5 |  778.0 |
               +--------+--------+--------+--------+--------+-----+--------+

Top non-repeatable levels by time:
     D:4: 1051 daAuts
     D:1: 985 daAuts
     D:2: 858 daAuts
     D:3: 595 daAuts
     D:5: 399 daAuts
